cohdb
Replays
Latest Replays
All Replays
Popular Replays
Top Player Replays
Match Explorer
How It Works
Community
CoH3 Stats
Reddit
Sign in to upload your games and track your stats! →
Sign in with Steam
Match 41663916
Unlisted
Match 41663916
Overview
Messages
Build Orders
End
Kradschützen Motorcycle Team
Selects Italian Infantry
Panzerpioneer Squad
Construct Light Support Kompanie
MG34 Team
Assault Grenadier Squad
Selects Defensive Operations
Assault Grenadier Squad
Fire Support Elements
MG34 Team
Selects Guastatori Squad
Guastatori Squad
Panzerjäger Squad
Panzerjäger Squad
AI Takeover
*/\*
XuZhongwei
0
0
Comments
sign in to comment!
No comments posted yet!